[Event "Titled Tuesday Blitz July 26 Early 2022"]
[White "Vakhlamov, Igor L."]
[Black "Howell, David W L"]
[WhiteFideId "24126748"]
[BlackFideId "410608"]
[WhiteElo "2401"]
[BlackElo "2559"]
[Result "1-0"]
[Round "08"]
[TimeControl "180+1"]
[Date "2022.07.26"]
[WhiteClock "0:01:46"]
[BlackClock "0:00:01"]

1. e4 c5 2. Nf3 Nc6 3. Nc3 d6 4. Bb5 Bd7 5. Bxc6 Bxc6 6. d4 cxd4 7. Qxd4 Nf6 8. Bg5 e6 9. O-O-O Be7 10. Rhe1 Qa5 11. Nd5 Bxd5 12. exd5 e5 13. Nxe5 dxe5 14. Qxe5 O-O 15. Qxe7 Rae8 16. Bxf6 Rxe7 17. Bxe7 Qxa2 18. Bxf8 Kxf8 19. c3 Qa1+ 20. Kc2 Qa4+ 21. Kb1 a5 22. d6 Qd7 23. Re7 Qf5+ 24. Kc1 Qxf2 25. d7 Qf4+ 26. Rd2 Qf1+ 27. Kc2 Qf5+ 28. Kd1 1-0


[Site "https://www.chess.com"]

[Event "Titled Tuesday Blitz July 26 Early 2022"]
[White "Vovk, Orest"]
[Black "Ismayil, Malak"]
[WhiteFideId "14113490"]
[BlackFideId "13412604"]
[WhiteElo "2203"]
[BlackElo "1879"]
[Result "1-0"]
[Round "08"]
[TimeControl "180+1"]
[Date "2022.07.27"]
[WhiteClock "0:00:06"]
[BlackClock "0:00:02"]

1. h3 e5 2. g4 d5 3. Bg2 h6 4. d4 exd4 5. Qxd4 Nf6 6. g5 hxg5 7. Bxg5 Be7 8. Nc3 c6 9. O-O-O Be6 10. e4 dxe4 11. Qxd8+ Bxd8 12. Nxe4 Nbd7 13. Nd6+ Kf8 14. Nxb7 Be7 15. Bxc6 Rc8 16. Bg2 Rh5 17. f4 Bxa2 18. Bf3 Rh8 19. Ne2 Nc5 20. Nxc5 Rxc5 21. Nd4 Bd5 22. Bxd5 Nxd5 23. Nb3 Rb5 24. Bxe7+ Kxe7 25. Rhe1+ Kf6 26. Re5 Rd8 27. Nd4 Rc5 28. Ne2 Ra5 29. Kb1 Nc3+ 30. Nxc3 Rb8 31. Rxa5 1-0


[Site "https://www.chess.com"]

[Event "Titled Tuesday Blitz July 26 Early 2022"]
[White "Wieczorek, Oskar"]
[Black "Rustemov, Alexander"]
[WhiteFideId "1133950"]
[BlackFideId "4119002"]
[WhiteElo "2330"]
[BlackElo "2806"]
[Result "0-1"]
[Round "08"]
[TimeControl "180+1"]
[Date "2022.07.26"]
[WhiteClock "0:00:04"]
[BlackClock "0:00:12"]

1. e4 e6 2. d4 d5 3. Nd2 dxe4 4. Nxe4 Bd7 5. Nf3 Bc6 6. Bd3 Nd7 7. O-O Ngf6 8. Ng3 Be7 9. Re1 O-O 10. c3 b6 11. Qe2 Bb7 12. Ne5 c5 13. Nxd7 Qxd7 14. Be3 Qc6 15. f3 Rfd8 16. dxc5 Bxc5 17. Rad1 Nd5 18. Bxc5 Qxc5+ 19. Qf2 Nf4 20. Qxc5 bxc5 21. Bf1 a5 22. Kf2 g5 23. Bb5 f6 24. Ne2 Nxe2 25. Kxe2 Kf7 26. Ke3 f5 27. g3 e5 28. f4 exf4+ 29. gxf4 g4 30. Bd7 Be4 31. Rd6 Rab8 32. Red1 Kg7 33. b3 h5 34. c4 h4 35. Re6 Rb7 36. Re7+ Kh8 37. Rd6 Bc6 38. Rh6+ Kg8 39. Be6+ Kf8 40. Rxb7 Bxb7 41. Bxf5 g3 42. hxg3 hxg3 43. Rh8+ Ke7 44. Rxd8 Kxd8 45. Be6 Ke7 46. f5 Kf6 47. Bd7 Be4 48. Be6 Bb1 49. Kf3 Bxa2 50. Kxg3 Bxb3 51. Kf4 a4 52. Ke3 a3 0-1


[Site "https://www.chess.com"]

[Event "Titled Tuesday Blitz July 26 Early 2022"]
[White "Winkels, Marcel"]
[Black "Grot, Blazej"]
[WhiteFideId "1003887"]
[BlackFideId "21835845"]
[WhiteElo "1900"]
[BlackElo "1614"]
[Result "1/2-1/2"]
[Round "08"]
[TimeControl "180+1"]
[Date "2022.07.27"]
[WhiteClock "0:00:28"]
[BlackClock "0:00:15"]

1. e4 c5 2. Nf3 e6 3. d4 cxd4 4. Nxd4 Nc6 5. Nc3 Qc7 6. Be3 a6 7. g3 Nf6 8. Bg2 d6 9. O-O Bd7 10. h3 Be7 11. f4 Nxd4 12. Bxd4 Bc6 13. g4 e5 14. Be3 b5 15. g5 Nd7 16. Nd5 Bxd5 17. Qxd5 O-O 18. f5 Nb6 19. Qd1 Nc4 20. Bc1 Qc5+ 21. Kh1 Ne3 22. Bxe3 Qxe3 23. Qg4 Qxg5 24. Rad1 Qxg4 25. hxg4 Rac8 26. c3 Rc5 27. Rd3 Rfc8 28. Rfd1 Kf8 29. Kh2 Ke8 30. a3 Kd7 31. Rd5 Rxd5 32. Rxd5 Bg5 33. Rd1 Rc4 34. Kg3 h6 35. Kf3 a5 36. Bf1 Rc5 37. Rd3 Bc1 38. b4 axb4 39. cxb4 Rc8 40. Rd1 Bxa3 41. Bxb5+ Ke7 42. Rb1 Rb8 43. Bc6 Bxb4 44. Ke2 Kf6 45. Kd3 Rb6 46. Bd5 Kg5 47. Bxf7 Kxg4 48. Rg1+ Kf4 49. Rf1+ Kg5 50. Rg1+ Kf6 51. Bd5 Bc5 52. Rg6+ Ke7 53. Rxg7+ Kf8 54. Rh7 Rb1 55. Rxh6 Rd1+ 56. Ke2 Ra1 57. Kf3 Rf1+ 58. Kg4 Rg1+ 59. Kh5 Rh1+ 60. Kg6 Rxh6+ 61. Kxh6 Ba3 62. Kg6 Bc5 63. Kf6 Ba3 64. Ke6 Bc5 65. Bc6 Ba3 66. f6 Bc5 67. Bd5 Ba3 68. Bc4 Bc5 69. Bd5 Ba3 70. Bc4 Bc5 71. f7 Ba3 72. Kd7 Bc5 73. Kd8 Ba3 74. Kd7 Bc5 75. Ke6 Ba3 76. Kf6 Bc5 77. Kg6 Ba3 78. Kh7 Bc5 79. Bd5 Be3 80. Kg6 Bf2 81. Kf6 Bb6 82. Ke6 Bc5 83. Kd7 Ba3 84. Kc6 Bc5 85. Kd7 Ba3 86. Ke6 Bc5 87. Kf5 Ba3 88. Kg4 Bc5 89. Kf5 Ba3 90. Kg6 Bc5 91. Kh6 Ba3 92. Kg5 Bc5 93. Kg4 Ba3 94. Kg3 Bc5 95. Kf3 Ba3 96. Ke2 Bc5 97. Kd3 Ba3 98. Kc4 Bc5 99. Kb5 Bf2 100. Kc6 1/2-1/2


[Site "https://www.chess.com"]

[Event "Titled Tuesday Blitz July 26 Early 2022"]
[White "Xu, Yi"]
[Black "Tatarinov, Dmitry"]
[WhiteFideId "8605564"]
[BlackFideId "24160067"]
[WhiteElo "2471"]
[BlackElo "2302"]
[Result "1-0"]
[Round "08"]
[TimeControl "180+1"]
[Date "2022.07.26"]
[WhiteClock "0:00:06"]
[BlackClock "0:00:11"]

1. e4 c5 2. Nf3 d6 3. d4 cxd4 4. Nxd4 Nf6 5. Nc3 a6 6. f3 e5 7. Nb3 h5 8. Be3 Be6 9. Qd2 Nbd7 10. Nd5 Nxd5 11. exd5 Bf5 12. Be2 Be7 13. a4 a5 14. O-O O-O 15. f4 exf4 16. Bxf4 Bg6 17. Nd4 Nc5 18. Bf3 Qb6 19. Be3 Rfe8 20. Nb5 Bf6 21. c3 Nb3 22. Bxb6 Nxd2 23. Nxd6 Re5 24. Rfd1 Nxf3+ 25. gxf3 Bc2 26. Rd2 Bb3 27. c4 Be7 28. f4 Bxd6 29. fxe5 Bb4 30. Rd4 Ra6 31. d6 Rxb6 32. d7 Be7 33. d8=Q+ Bxd8 34. Rxd8+ Kh7 35. Rd4 Rb4 36. Rf1 Kg6 37. Rd6+ f6 38. exf6 gxf6 39. Rdxf6+ Kg5 40. R1f4 h4 41. R6f5+ Kg6 42. Rb5 Bxa4 43. Rxb4 axb4 44. c5 Bc6 45. Rxb4 h3 46. Kf2 Kf5 47. Kg3 Ke5 48. Rh4 Kd5 49. Rh5+ Kc4 50. Kxh3 Kb3 51. Kg4 Kxb2 52. Re5 Kc3 53. h4 Kd4 54. Kf4 Bd5 55. h5 Kxc5 56. h6 Kd6 57. Rxd5+ Kxd5 58. h7 1-0


[Site "https://www.chess.com"]

[Event "Titled Tuesday Blitz July 26 Early 2022"]
[White "Yeremyan, Alen"]
[Black "Blanco Ronquillo, Humberto L."]
[WhiteFideId "13308998"]
[BlackFideId "3504239"]
[WhiteElo "2158"]
[BlackElo "2423"]
[Result "0-1"]
[Round "08"]
[TimeControl "180+1"]
[Date "2022.07.26"]
[WhiteClock "0:00:33"]
[BlackClock "0:00:35"]

1. e4 c5 2. Nc3 g6 3. d4 cxd4 4. Qxd4 Nf6 5. e5 Nc6 6. Qf4 Nh5 7. Qe3 d5 8. exd6 Qxd6 9. Nf3 Bg7 10. Bc4 O-O 11. O-O Bg4 12. Rd1 Qb4 13. Be2 Nf6 14. Bd2 Qxb2 15. Rab1 Qa3 16. Rxb7 Rfd8 17. h3 Bf5 18. Bb5 Rac8 19. Bxc6 Rxc6 20. Rxa7 Qb2 21. Rb1 Qxc2 22. Nd4 Rxc3 23. Bxc3 Qxb1+ 24. Be1 Nd5 25. Qd2 Bxd4 26. Qxd4 Qxe1+ 27. Kh2 Qe6 28. f4 Qd6 29. g3 Rc8 30. g4 Be6 31. Kg3 0-1


[Site "https://www.chess.com"]

[Event "Titled Tuesday Blitz July 26 Early 2022"]
[White "Zhigalko, Sergei"]
[Black "Makarian, Rudik"]
[WhiteFideId "13502956"]
[BlackFideId "44105681"]
[WhiteElo "2662"]
[BlackElo "2403"]
[Result "1-0"]
[Round "08"]
[TimeControl "180+1"]
[Date "2022.07.26"]
[WhiteClock "0:00:04"]
[BlackClock "0:00:10"]

1. e4 c6 2. d4 d5 3. e5 c5 4. Nf3 cxd4 5. Qxd4 Nc6 6. Qf4 e6 7. Bd3 Nge7 8. O-O Ng6 9. Qg3 Be7 10. a3 Qc7 11. Re1 f5 12. Nc3 O-O 13. Nb5 Qd8 14. c3 a6 15. Nbd4 Bd7 16. Bd2 Rc8 17. Rad1 Nxd4 18. Nxd4 Kh8 19. Re2 Bc5 20. Bg5 Qe8 21. h4 Bxd4 22. cxd4 Bb5 23. h5 Ne7 24. h6 Ng6 25. hxg7+ Kxg7 26. Qh2 Kg8 27. Qh6 f4 28. Bf6 Rf7 29. Bxg6 Bxe2 30. Rd2 f3 31. gxf3 Bxf3 32. Rd3 Rfc7 33. Bxe8 Rc1+ 34. Qxc1 Rxc1+ 35. Kh2 Rh1+ 36. Kg3 Be4 37. Rc3 h5 38. Kf4 h4 39. Bh5 h3 40. Rg3+ Kh7 41. Bf3 Bxf3 42. Kxf3 h2 43. Rh3+ Kg6 44. Kg2 Rb1 45. Kxh2 Rxb2 46. Rg3+ Kf5 47. Kg2 b5 48. Rg7 a5 49. Be7 b4 50. axb4 axb4 51. Bc5 b3 52. Rf7+ Ke4 53. Rb7 Rb1 54. Rb6 b2 55. Ba3 Kxd4 56. Rxb2 Ra1 57. Bd6 Ke4 58. Re2+ Kf5 59. Re3 d4 60. Rh3 Ke4 61. Rh4+ Kd5 62. Rh8 d3 63. Rd8 Ke4 64. Bc7 Rc1 65. Bb8 Rc2 66. Ba7 Rc3 67. Be3 Kxe5 68. Bd4+ 1-0


[Site "https://www.chess.com"]

[Event "Titled Tuesday Blitz July 26 Early 2022"]
[White "Agasarov, Benik"]
[Black "Urbina Perez, Juan Antonio"]
[WhiteFideId "13314823"]
[BlackFideId "2217368"]
[WhiteElo "2692"]
[BlackElo "2192"]
[Result "0-1"]
[Round "09"]
[TimeControl "180+1"]
[Date "2022.07.27"]
[WhiteClock "0:01:07"]
[BlackClock "0:00:39"]

1. e4 e5 2. Nf3 Nf6 3. Nxe5 d6 4. Nf3 Nxe4 5. d4 d5 6. Bd3 Bd6 7. O-O O-O 8. Nbd2 Nxd2 9. Bxd2 h6 10. c3 c6 11. h3 Nd7 12. Qc1 Qf6 13. Re1 Nb6 14. a4 a5 15. Qc2 Nc4 16. Bxc4 dxc4 17. Ne5 Be6 18. Qe4 Bd5 19. Qf4 Qxf4 20. Bxf4 Rfe8 21. Re3 f6 22. Ng6 Bf8 23. Rae1 Kf7 24. Nxf8 Kxf8 25. Bd6+ Kf7 26. Re7+ Rxe7 27. Rxe7+ Kg6 28. Rxb7 Re8 29. Kf1 Be4 30. Re7 Rxe7 31. Bxe7 Bc2 32. Bd8 Bxa4 33. Bxa5 h5 34. h4 Kf5 35. f3 g5 36. hxg5 fxg5 37. Kf2 g4 38. Kg3 gxf3 39. gxf3 Bd1 40. Bc7 Be2 41. Kf2 Bd3 42. Ke3 h4 43. b4 h3 44. Bh2 Bc2 45. d5 cxd5 46. b5 Ba4 47. b6 Bc6 48. Kd4 Ke6 49. Kc5 Bb7 50. f4 Ba8 51. Kd4 Kf5 52. Ke3 Bb7 53. Kf3 d4+ 54. Ke2 dxc3 55. Kd1 Be4 56. b7 Bxb7 57. Kc2 Bd5 58. Kxc3 Ke4 59. Kb4 Kf3 60. f5 Bg8 61. f6 Kg2 62. f7 Bxf7 0-1


[Site "https://www.chess.com"]

[Event "Titled Tuesday Blitz July 26 Early 2022"]
[White "Andreikin, Dmitry"]
[Black "Ernst, Sipke"]
[WhiteFideId "4158814"]
[BlackFideId "1004689"]
[WhiteElo "2736"]
[BlackElo "2436"]
[Result "1-0"]
[Round "09"]
[TimeControl "180+1"]
[Date "2022.07.26"]
[WhiteClock "0:01:24"]
[BlackClock "0:00:46"]

1. c4 e6 2. Nc3 d5 3. d4 a6 4. cxd5 exd5 5. Qb3 Bd6 6. Nf3 c6 7. Bg5 Nf6 8. e3 Nbd7 9. Bd3 O-O 10. O-O Qc7 11. Rac1 Re8 12. Rfe1 h6 13. Bh4 Qb6 14. Qc2 Qd8 15. a3 a5 16. Re2 Be7 17. Rce1 Ne4 18. Bxe4 Bxh4 19. Bh7+ Kh8 20. e4 Nf8 21. exd5 Rxe2 22. Rxe2 Nxh7 23. Nxh4 Bg4 24. f3 Qxh4 25. fxg4 Qxg4 26. Qe4 Qg5 27. d6 Nf6 28. Qe7 Qc1+ 29. Re1 Qxb2 30. Ne2 Re8 31. Qxe8+ Nxe8 32. d7 Nf6 33. d8=Q+ Kh7 34. Qxa5 Ne4 35. Qf5+ 1-0


[Site "https://www.chess.com"]

[Event "Titled Tuesday Blitz July 26 Early 2022"]
[White "Ansh M Shah"]
[Black "Estrada Nieto, Julian"]
[WhiteFideId "25033379"]
[BlackFideId "5101018"]
[WhiteElo "1819"]
[BlackElo "2252"]
[Result "1-0"]
[Round "09"]
[TimeControl "180+1"]
[Date "2022.07.27"]
[WhiteClock "0:00:12"]
[BlackClock "0:00:07"]

1. d4 d5 2. c4 dxc4 3. Nf3 Nf6 4. e3 e6 5. Bxc4 a6 6. O-O c5 7. dxc5 Bxc5 8. Qxd8+ Kxd8 9. a3 Ke7 10. b4 Bd6 11. Bb2 b5 12. Be2 Bb7 13. Nc3 Nbd7 14. Rfd1 Rhd8 15. a4 bxa4 16. Nxa4 Bxb4 17. Rab1 a5 18. Nd4 Rac8 19. Bb5 Ne5 20. Rbc1 Nd5 21. Nb3 Rxc1 22. Rxc1 Nd7 23. Bxg7 f6 24. Bh6 Rg8 25. e4 N5b6 26. Nxb6 Nxb6 27. Be3 Nd7 28. Rc7 Bxe4 29. Rxd7+ Kf8 30. g3 Rg6 31. Bc5+ Kg8 32. Bxb4 axb4 33. Bc4 f5 34. Nc5 Bd5 35. Bxd5 exd5 36. Rxd5 Rb6 37. Nb3 Kf7 38. Kg2 Ke6 39. Rc5 Kd6 40. Rc4 Kd5 41. Rd4+ Ke5 42. f4+ Ke6 43. Kf3 Rb8 44. Ke3 Rc8 45. Rd3 Rc3 46. Rxc3 bxc3 47. Kd3 c2 48. Kxc2 Kd5 49. Kd3 Ke6 50. Nd4+ Kf6 51. Kc4 h6 52. Kd5 Kg6 53. Ke5 Kh5 54. Nxf5 Kg4 55. Nxh6+ Kh3 56. g4 1-0


[Site "https://www.chess.com"]

[Event "Titled Tuesday Blitz July 26 Early 2022"]
[White "Avazkhonov, Alikhon"]
[Black "Narva, Mai"]
[WhiteFideId "14208504"]
[BlackFideId "4500512"]
[WhiteElo "1739"]
[BlackElo "2152"]
[Result "1/2-1/2"]
[Round "09"]
[TimeControl "180+1"]
[Date "2022.07.27"]
[WhiteClock "0:00:04"]
[BlackClock "0:00:16"]

1. e4 c6 2. Nc3 d5 3. Nf3 dxe4 4. Nxe4 Nf6 5. Qe2 Bf5 6. Nxf6+ gxf6 7. d4 Nd7 8. Bf4 Nb6 9. O-O-O Nd5 10. Bd2 Qb6 11. Nh4 Bg6 12. Nxg6 hxg6 13. c4 Nb4 14. a3 Na6 15. Be3 O-O-O 16. Qc2 e6 17. g3 Nc7 18. Bg2 Qa5 19. h4 Bh6 20. f4 e5 21. d5 exf4 22. gxf4 cxd5 23. cxd5 Kb8 24. d6 Ne6 25. Kb1 Bxf4 26. Bxf4 Nxf4 27. Bxb7 Kxb7 28. Qe4+ Kb8 29. Qxf4 Qe5 30. Qb4+ Ka8 31. Rhe1 Rb8 32. Rxe5 Rxb4 33. Re7 Rbb8 34. d7 Rbd8 35. Rxf7 f5 36. Re1 Kb7 37. Re6 Rxh4 38. Rxg6 Rd4 39. Rgf6 f4 40. Rxf4 Rxf4 41. Rxf4 Rxd7 42. Rb4+ Kc6 43. Kc2 Rd5 44. Rc4+ Kb6 45. Kc3 a5 46. Rh4 Rg5 47. Rh6+ Kb5 48. Rh4 Rg3+ 49. Kc2 Rg2+ 50. Kb3 Rg3+ 51. Ka2 Rg5 52. Rf4 Kc5 53. a4 Re5 54. Ka3 Re3+ 55. b3 Re5 56. Rf8 Kb6 57. Rb8+ Ka6 58. Rc8 Re1 59. Rc6+ Kb7 60. Rc5 Kb6 61. Rb5+ Ka6 62. Kb2 Re3 63. Kc2 Rh3 64. Kd2 Rg3 65. Kc2 Rh3 66. Rb8 Rg3 67. Re8 Kb6 68. Re6+ Kc7 69. Re5 Kb6 70. Rf5 Rg2+ 71. Kc3 Rg3+ 72. Kc4 Rg4+ 73. Kd5 Rg3 74. Rf6+ Kb7 75. Kc4 Rg4+ 76. Kc5 Rg3 77. Rb6+ Ka7 78. Rb5 Ka6 79. Kc6 Rg6+ 80. Kc7 Rg3 81. Kb8 Rc3 82. Rb7 Rc5 83. Rb5 Rxb5+ 84. axb5+ Kxb5 85. Ka7 Kb4 86. Ka6 Kxb3 87. Kxa5 1/2-1/2


[Site "https://www.chess.com"]

[Event "Titled Tuesday Blitz July 26 Early 2022"]
[White "Averjanov, Alexey"]
[Black "Makovec, Bruno"]
[WhiteFideId "14109867"]
[BlackFideId "14536331"]
[WhiteElo "2646"]
[BlackElo "2316"]
[Result "0-1"]
[Round "09"]
[TimeControl "180+1"]
[Date "2022.07.27"]
[WhiteClock "0:01:55"]
[BlackClock "0:00:42"]

1. d4 Nf6 2. c4 e6 3. Nf3 d5 4. e3 c5 5. dxc5 Bxc5 6. a3 a5 7. Nc3 O-O 8. cxd5 exd5 9. Be2 Nc6 10. Nb5 Bg4 11. O-O Qb6 12. Nc3 Qd8 13. Nb5 Qb6 14. h3 Bxf3 15. gxf3 d4 16. exd4 Nxd4 17. Nxd4 Bxd4 18. Qa4 Rad8 19. Qb5 Qe6 20. Kg2 Rd5 21. Qc4 Rc8 22. Qd3 Ba7 23. Qc4 Rxc4 24. Bxc4 Qe5 25. Bxd5 Nxd5 26. Bd2 Nf4+ 27. Kh1 Qf5 28. Bxf4 Qxf4 29. Kg2 Bb8 30. Rfd1 Qh2+ 31. Kf1 Qxh3+ 32. Ke2 Qe6+ 33. Kf1 Bc7 34. Rac1 Bb6 35. Re1 Qh3+ 36. Ke2 h5 37. Rc4 Qe6+ 38. Re4 Qb3 39. Kf1 Qxb2 40. R1e2 Qf6 41. Kg2 g6 42. a4 Kg7 43. Re7 Bc5 44. Rxb7 Qg5+ 45. Kf1 h4 46. Re8 h3 47. Rbb8 h2 48. Rg8+ Kf6 49. Rh8 Qg1+ 50. Ke2 Qxf2+ 0-1


[Site "https://www.chess.com"]

[Event "Titled Tuesday Blitz July 26 Early 2022"]
[White "Butti, Enrique"]
[Black "Begunov, Konstantin"]
[WhiteFideId "3700470"]
[BlackFideId "4118510"]
[WhiteElo "2080"]
[BlackElo "2262"]
[Result "0-1"]
[Round "09"]
[TimeControl "180+1"]
[Date "2022.07.27"]
[WhiteClock "0:00:16"]
[BlackClock "0:00:12"]

1. d4 d5 2. c4 c6 3. cxd5 cxd5 4. Nc3 Nf6 5. Bg5 Ne4 6. Bh4 Nxc3 7. bxc3 Qa5 8. Qd2 Bf5 9. e3 e6 10. Bd3 Bxd3 11. Qxd3 Nd7 12. Ne2 Rc8 13. O-O Ba3 14. Rab1 Nb6 15. e4 O-O 16. e5 Rc7 17. f4 g6 18. Bf6 Be7 19. Bxe7 Rxe7 20. g4 f5 21. exf6 Rxf6 22. Ng3 Rc7 23. Rf3 Qxa2 24. Re1 Nc4 25. g5 Rf8 26. Rxe6 Qd2 27. Qxd2 Nxd2 28. Rf2 Nb1 29. f5 Nxc3 30. fxg6 Rxf2 31. Kxf2 Nb5 32. gxh7+ Kxh7 33. Ne2 a5 34. Rb6 Na7 35. h4 Nc8 36. Rb5 b6 37. Rxd5 a4 38. Rb5 a3 39. Rb3 Ra7 40. Rb1 Nd6 41. Ra1 b5 42. Nc1 b4 43. Nb3 Nb5 44. Ke3 Rc7 45. Ke4 Rc3 46. Nc5 b3 47. Nxb3 Rxb3 48. d5 Rb2 49. d6 Nxd6+ 50. Kd5 Nb5 51. Kc4 a2 0-1


[Site "https://www.chess.com"]

[Event "Titled Tuesday Blitz July 26 Early 2022"]
[White "Ciuffoletti, Paolo"]
[Black "Hoang, Canh Huan"]
[WhiteFideId "807630"]
[BlackFideId "12400599"]
[WhiteElo "2143"]
[BlackElo "2264"]
[Result "1/2-1/2"]
[Round "09"]
[TimeControl "180+1"]
[Date "2022.07.27"]
[WhiteClock "0:00:07"]
[BlackClock "0:00:40"]

1. e4 c5 2. d4 d6 3. dxc5 Qa5+ 4. Nc3 Qxc5 5. Be3 Qc7 6. Nf3 Nf6 7. Bd3 a6 8. O-O Bg4 9. h3 Bxf3 10. Qxf3 e6 11. a4 Be7 12. a5 Nbd7 13. Qe2 O-O 14. f4 Rac8 15. f5 exf5 16. exf5 Ne5 17. Bb6 Qc6 18. Rad1 Rfe8 19. Rf2 d5 20. Qxe5 Bc5 21. Qf4 Bxf2+ 22. Qxf2 Ne4 23. Bxe4 dxe4 24. Bd4 Rcd8 25. Re1 Qc4 26. Be3 Qb4 27. f6 Qxb2 28. Qg3 g6 29. Ne2 Qxf6 30. Bg5 Qd6 31. Bxd8 Qxd8 32. Qf4 Qxa5 33. Rf1 f5 34. Nd4 Qc5 35. Qe3 b6 36. g4 Rd8 37. c3 fxg4 38. hxg4 Qe5 39. Qf2 Qd5 40. Qf6 Re8 41. Nc6 Qc5+ 42. Kg2 Qf8 43. Qxf8+ Rxf8 44. Ne7+ Kg7 45. Rxf8 Kxf8 46. Nd5 b5 47. Nc7 a5 48. Nxb5 Ke7 49. Kf2 Ke6 50. Ke3 Kd5 51. Na3 h5 52. c4+ Ke5 53. gxh5 gxh5 54. Nb5 h4 55. c5 Kd5 56. Nc3+ Kxc5 57. Kxe4 Kc4 58. Nb1 a4 59. Na3+ Kb4 60. Nb1 Kb3 61. Kf3 Kb2 62. Nd2 Kc2 63. Nc4 Kc3 64. Na3 Kb2 65. Nc4+ Kb3 66. Nd2+ Kb4 67. Nb1 Kb3 68. Kg4 Kc2 69. Na3+ Kb2 70. Nc4+ Kc3 71. Na3 Kb3 72. Nb1 Kb2 73. Nd2 a3 74. Nc4+ Kb3 75. Nxa3 Kxa3 76. Kxh4 1/2-1/2


[Site "https://www.chess.com"]

[Event "Titled Tuesday Blitz July 26 Early 2022"]
[White "Coto Mederos, Michel"]
[Black "Melikyan, Gnel"]
[WhiteFideId "3508528"]
[BlackFideId "54109990"]
[WhiteElo "2427"]
[BlackElo "1772"]
[Result "0-1"]
[Round "09"]
[TimeControl "180+1"]
[Date "2022.07.27"]
[WhiteClock "0:00:04"]
[BlackClock "0:00:13"]

1. d4 d5 2. Nf3 Nf6 3. Bg5 c6 4. Nbd2 Bf5 5. e3 Nbd7 6. Bd3 e6 7. O-O Be7 8. Bxf5 exf5 9. c4 dxc4 10. Nxc4 O-O 11. Qb3 Nb6 12. Rfd1 Nxc4 13. Qxc4 Nd5 14. Bxe7 Qxe7 15. Rac1 f4 16. Re1 fxe3 17. fxe3 Rfe8 18. e4 Nf6 19. Re2 Qe6 20. Qxe6 Rxe6 21. e5 Nd5 22. Nd2 Rd8 23. Ne4 Nf4 24. Rd2 f6 25. g3 Rxd4 26. gxf4 Rxe4 27. Rd8+ Kf7 28. Rd7+ Re7 29. Rcd1 Rxf4 30. exf6 Rxf6 31. R1d2 Re6 32. Kf2 Rxd7 33. Rxd7+ Re7 34. Rd8 c5 35. Kf3 b6 36. Ra8 g6 37. Rd8 Kf6 38. h3 Kg5 39. Kf2 h5 40. Kg3 Re3+ 41. Kf2 Re7 42. Rd6 Kh6 43. h4 Re4 44. Kg3 Rg4+ 45. Kh3 Rb4 46. b3 a5 47. Rc6 a4 48. bxa4 Rxa4 49. Rxb6 Rxa2 50. Rc6 Rc2 51. Kg3 c4 52. Kf4 c3 53. Kg3 Rc1 54. Kg2 Kg7 55. Kh2 c2 56. Kg2 Kf7 57. Kh2 Ke7 58. Kg2 Kd7 59. Rc3 Ke6 60. Kh2 Kf5 61. Rc4 Ke5 62. Kg2 Kd5 63. Rc8 Ke4 64. Rc7 Ke3 65. Rc8 Re1 66. Rxc2 Re2+ 67. Rxe2+ Kxe2 68. Kg3 Ke3 69. Kg2 Kf4 70. Kh3 Kf3 71. Kh2 Kg4 72. Kg2 Kxh4 73. Kh2 Kg4 0-1


[Site "https://www.chess.com"]

[Event "Titled Tuesday Blitz July 26 Early 2022"]
[White "Cruz Mendez, Jean Marco"]
[Black "Pranav, V"]
[WhiteFideId "3526402"]
[BlackFideId "25060783"]
[WhiteElo "2064"]
[BlackElo "2380"]
[Result "0-1"]
[Round "09"]
[TimeControl "180+1"]
[Date "2022.07.26"]
[WhiteClock "0:01:01"]
[BlackClock "0:02:10"]

1. e4 c5 2. Nf3 Nc6 3. Bb5 g6 4. Bxc6 dxc6 5. d3 Bg7 6. O-O e5 7. Nc3 Qe7 8. Be3 Nf6 9. h3 O-O 10. Qd2 Nh5 11. a3 f5 12. b4 cxb4 13. axb4 Qxb4 14. Rfb1 Qe7 15. Bxa7 Be6 16. Bb6 Nf4 17. Rxa8 Rxa8 18. Be3 Nxh3+ 19. gxh3 f4 20. Bxf4 exf4 21. Ne2 Bxh3 22. Qxf4 Rf8 23. Qg3 Bc8 24. Kg2 Qc5 25. c3 Qa3 26. Nfd4 Qa2 27. Rh1 c5 28. Qh4 h5 0-1


[Site "https://www.chess.com"]

[Event "Titled Tuesday Blitz July 26 Early 2022"]
[White "Csonka, Balazs"]
[Black "Timofeev, Artyom"]
[WhiteFideId "742910"]
[BlackFideId "4140419"]
[WhiteElo "2404"]
[BlackElo "2578"]
[Result "1/2-1/2"]
[Round "09"]
[TimeControl "180+1"]
[Date "2022.07.26"]
[WhiteClock "0:00:06"]
[BlackClock "0:00:28"]

1. c4 e5 2. Nc3 Nf6 3. Nf3 Nc6 4. e3 Be7 5. a3 O-O 6. Qc2 d6 7. b4 Bg4 8. Be2 Re8 9. Bb2 Bf8 10. d3 a5 11. b5 Ne7 12. h3 Bd7 13. O-O Ng6 14. Rfe1 h6 15. Bf1 c6 16. a4 d5 17. d4 exd4 18. Nxd4 Bb4 19. Red1 Nh4 20. cxd5 cxd5 21. Qb3 Bxc3 22. Qxc3 Ne4 23. Qe1 Qg5 24. f4 Qe7 25. Ba3 Qf6 26. Rac1 Nf5 27. Nxf5 Qxf5 28. Bb2 b6 29. Bd4 Qg6 30. Kh2 h5 31. Bd3 Bf5 32. Rc7 Rac8 33. Rdc1 Rxc7 34. Rxc7 Nd6 35. Bf1 Be4 36. Rc6 Re6 37. Rxb6 Nf5 38. Rxe6 Qxe6 39. Qf2 Nxd4 40. exd4 Qd6 41. g3 Qb4 42. Bg2 f5 43. Bxe4 dxe4 44. d5 Qc3 45. d6 e3 46. Qg2 Qd2 47. b6 e2 48. b7 e1=Q 49. b8=Q+ Kh7 50. Qxd2 Qxd2+ 51. Kg1 Qe1+ 52. Kg2 Qe2+ 53. Kg1 Qe1+ 54. Kg2 Qe2+ 55. Kg1 Qe1+ 1/2-1/2


[Site "https://www.chess.com"]

[Event "Titled Tuesday Blitz July 26 Early 2022"]
[White "Fiol, Fabrice"]
[Black "Oye-Stromberg, Alexander"]
[WhiteFideId "611670"]
[BlackFideId "1525999"]
[WhiteElo "2370"]
[BlackElo "1958"]
[Result "1-0"]
[Round "09"]
[TimeControl "180+1"]
[Date "2022.07.27"]
[WhiteClock "0:00:08"]
[BlackClock "0:00:14"]

1. e4 c5 2. Nf3 Nc6 3. Bb5 g6 4. O-O Bg7 5. c3 Nf6 6. d4 cxd4 7. cxd4 Nxe4 8. d5 Nd6 9. Bd3 Nb8 10. Nc3 O-O 11. Re1 a6 12. a4 e6 13. Bf4 Nf5 14. d6 Nc6 15. Bg5 Qa5 16. Ne4 Nfd4 17. Nf6+ Kh8 18. Bd2 Qd8 19. Ne4 b6 20. Bc3 Nxf3+ 21. Qxf3 Bb7 22. Bxg7+ Kxg7 23. Qe3 f5 24. Nc3 e5 25. f4 e4 26. Bf1 Rf6 27. Rad1 Na5 28. b4 Nc6 29. Nd5 Rxd6 30. Nxb6 Rxd1 31. Rxd1 d5 32. Rxd5 Qh4 33. Rd7+ Kh6 34. Rxb7 Rd8 35. Rd7 Rxd7 36. Nxd7 Qe7 37. Ne5 Nxb4 38. Qh3+ Kg7 39. Qc3 Nd5 40. Qd4 Nf6 41. Bc4 Kh6 42. h4 a5 43. Nf7+ Kg7 44. Ng5 Kh6 45. Qe5 Qxe5 46. fxe5 Ng4 47. e6 Kg7 48. e7 Nf6 49. Bb5 h6 50. e8=Q Nxe8 51. Bxe8 hxg5 52. hxg5 f4 53. Bc6 e3 54. Kf1 Kf7 55. Ke2 Ke6 56. Be4 Kf7 57. Kf3 Kg7 58. Bd3 Kf7 59. Kxf4 1-0


[Site "https://www.chess.com"]

[Event "Titled Tuesday Blitz July 26 Early 2022"]
[White "Gabriel, Robert"]
[Black "Sovetbekova, Nurai"]
[WhiteFideId "4606477"]
[BlackFideId "13801910"]
[WhiteElo "2203"]
[BlackElo "1646"]
[Result "1/2-1/2"]
[Round "09"]
[TimeControl "180+1"]
[Date "2022.07.27"]
[WhiteClock "0:00:02"]
[BlackClock "0:00:04"]

1. d4 Nf6 2. Nf3 g6 3. Bf4 Bg7 4. h3 O-O 5. e3 d6 6. c4 c5 7. Be2 Nc6 8. Nc3 Qb6 9. dxc5 Qxc5 10. O-O Na5 11. Nd2 Be6 12. b3 Nh5 13. Na4 Qc7 14. Bxh5 Bxa1 15. Qxa1 gxh5 16. Bh6 f6 17. Bxf8 Rxf8 18. Qd4 Nc6 19. Qh4 Bf7 20. Nc3 Ne5 21. Nd5 Qd7 22. f4 Ng6 23. Qf2 f5 24. Nf3 Bxd5 25. cxd5 Qb5 26. Rd1 Rc8 27. Nh4 Rc5 28. Nxf5 Rxd5 29. Rxd5 Qxd5 30. g4 hxg4 31. hxg4 Qd1+ 32. Kh2 e6 33. Nh6+ Kg7 34. g5 Qh5+ 35. Kg1 Nh4 36. Qb2+ e5 37. Qf2 Nf3+ 38. Kg2 Nxg5 39. fxg5 Qxg5+ 40. Kf1 Kxh6 41. Ke2 Qh5+ 42. Kd2 Kg6 43. Qf8 Qh2+ 44. Kd3 Qxa2 45. Qe8+ Kg5 46. Qe7+ Kg4 47. Qe6+ Kf3 48. Qf5+ Kg2 49. Qg4+ Kf2 50. Qh4+ Kg2 51. Qg4+ Kf1 52. Qf3+ Qf2 53. Qh1+ Qg1 54. Qf3+ Qf2 55. Qh1+ Qg1 56. Qf3+ Qf2 1/2-1/2


[Site "https://www.chess.com"]